 Dungeon Crawl Stone Soup version 0.31-a0-1626-g5cb510d (webtiles) character file.

Game seed: 9170236452891326172

72 PidgeyThePirate the Cutter (level 4, -3/52 HPs)
             Began as a Demonspawn Monk on Jan 11, 2024.
             Slain by a cerulean imp
             ... wielding a +4 spear
             ... summoned by Natasha
              (5 damage)
             ... on level 3 of the Dungeon.
             The game lasted 00:03:16 (1679 turns).

PidgeyThePirate the Cutter (Demonspawn Monk)        Turns: 1679, Time: 00:03:17

Health: -3/52      AC:  5    Str: 11    XL:     4   Next: 7%
Magic:  4/4        EV: 13    Int: 11    God:
Gold:   70         SH:  0    Dex: 23    Spells: 3/3 levels left

rFire   . . .        f - +0 rapier
rCold   . . .        d - orb {light}
rNeg    . . .        g - +0 leather armour
rPois   .            (no helmet)
rElec   .            n - +0 cloak
rCorr   .            (no gloves)
SInv    .            (no boots)
Will    .....        (no amulet) Stlth
                     l - +6 ring of dexterity
HPRegen 0.28/turn    (no ring)
MPRegen 0.09/turn

%: no passive effects
@: berserking, glowing, very quick
A: claws 1, sharp scales 1
a: no special abilities


You were on level 3 of the Dungeon.
You visited 1 branch of the dungeon, and saw 3 of its levels.

You collected 70 gold pieces.

Inventory:

Hand Weapons
 a - a +0 short sword
 f - a +0 rapier (weapon)
Armour
 b - a +0 robe
 d - an orb of light (worn)
 g - a +0 leather armour (worn)
 n - a +0 cloak (worn)
Jewellery
 c - a ring of fire
 l - a +6 ring of dexterity (left claw)
Scrolls
 e - a scroll of blinking {unknown}
 h - a scroll of revelation {unknown}
 i - a scroll of enchant armour {unknown}
 k - a scroll of immolation {unknown}
 m - a scroll of torment {unknown}
 o - a scroll of fear {unknown}
 p - a scroll of butterflies {unknown}
 q - a scroll of noise {unknown}
 u - a scroll of identify {unknown}
Potions
 j - a potion of berserk rage
 r - a potion of heal wounds {unknown}
 s - a potion of haste {unknown}
 t - a potion of invisibility {unknown}


   Skills:
 + Level 3.2 Fighting
 * Level 3.7 Short Blades
 + Level 0.4 Armour
 + Level 3.0 Dodging
 + Level 0.1 Stealth
 * Level 1.0 Unarmed Combat


You had 3 spell levels left.
You didn't know any spells.
Your spell library contained the following spells:

 Spells                   Type           Power      Damage    Failure   Level
 Lesser Beckoning         Tloc           0%         N/A       56%         2
 Gell's Gravitas          Tloc           0%         N/A       80%         3
 Teleport Other           Tloc           0%         N/A       80%         3


Dungeon Overview and Level Annotations

Branches:
Dungeon (3/15)

Altars:
Qazlal

Annotations:
D:3 Natasha


Innate Abilities, Weirdness & Mutations

You have sharp fingernails.
You are partially covered in razor-sharp scales. (AC +1, Slay +1)


Message History

You kill the endoplasm!
You open the door.
Natasha and an endoplasm come into view.
Natasha hisses angrily.
The endoplasm quivers.
Natasha wildly gestures.
You feel troubled.
Found 8 stones and 8 gold pieces.
Found an escape hatch in the ceiling.
There is an open door here.
You puncture the endoplasm!
You kill the endoplasm!
Natasha casts a spell.
Natasha mumbles some strange words.
You see here 8 stones.
Natasha claws you but does no damage.
The cerulean imp hits you with a +4 spear.
The cerulean imp hits you from afar with a +1 spear.
You hit Natasha.
Natasha is lightly wounded.
Natasha misses you. The cerulean imp misses you.
The cerulean imp hits you from afar with a +1 spear.
You hit Natasha.
Natasha is moderately wounded.
Natasha claws you! The cerulean imp completely misses you.
The cerulean imp hits you from afar with a +1 spear.
You hit Natasha.
Natasha is heavily wounded.
Natasha stares at you and mumbles some strange words.
The magic dart hits you.
The cerulean imp hits you with a +4 spear.
* * * LOW HITPOINT WARNING * * *
The cerulean imp hits you from afar with a +1 spear.
* * * LOW HITPOINT WARNING * * *
It was a potion of berserk rage.
A red film seems to cover your vision as you go berserk!
You feel yourself moving faster!
You feel mighty! Natasha claws you.
* * * LOW HITPOINT WARNING * * *
The cerulean imp hits you with a +4 spear.
You die...

#....# #
#....#
#....#
#....#
####.###
#...#
###'####
#..(.<.#
#..@...#
#$5h...#
#...5..#
#........
#......###
#......#
########


You could see Natasha and 2 cerulean imps.

Vanquished Creatures
  An orc priest (D:3)
  A dart slug (D:1)
  3 orcs (D:3)
  2 ball pythons (D:1)
  7 endoplasms
  4 giant cockroaches
  6 goblins
  2 hobgoblins
  A kobold (D:2)
  A bat (D:1)
  A frilled lizard (D:1)
  4 rats
33 creatures vanquished.

Notes
Turn   | Place    | Note
-------+----------+-------------------------------------------
     0 | D:1      | PidgeyThePirate the Demonspawn Monk began the quest for the
                  | Orb.
     0 | D:1      | Reached XP level 1. HP: 18/18 MP: 1/1
   371 | D:1      | Gained mutation: You have sharp fingernails. [demonic
                  | ancestry]
   371 | D:1      | Reached XP level 2. HP: 24/24 MP: 2/2
   805 | D:1      | Found a faded altar of an unknown god.
  1002 | D:2      | Gained mutation: You are partially covered in razor-sharp
                  | scales. (AC +1, Slay +1) [demonic ancestry]
  1002 | D:2      | Reached XP level 3. HP: 29/29 MP: 3/3
  1147 | D:2      | Found a stormy altar of Qazlal.
  1519 | D:3      | Reached skill level 1 in Unarmed Combat
  1527 | D:3      | Reached XP level 4. HP: 11/35 MP: 4/4
  1671 | D:3      | Noticed Natasha
  1679 | D:3      | HP: 2/52 [Natasha (5)]
  1679 | D:3      | Slain by a cerulean imp

Illustrated notes

Levels and vault maps discovered:
D:1:      amcnicky_arrival_flooded_fountain, layout_basic,
          shapermc_ecumenical_altar_mp_vishouse
D:2:      layout_basic, basic_altar, serial_bayou_pond_d
D:3:      layout_basic, gammafunk_ghost_cemetery, uniq_natasha, uniq_terence

Skill      XL: |  1  2  3 |
---------------+----------+-----
Short Blades   | 3 |  3.7
Dodging        | 3 |  3.0
Unarmed Combat | 1 |  1.0
Fighting       | |  3.2
Armour         | |  0.4
Stealth        | |  0.1

Action                     |  1- 3 |  4- 6 || total
---------------------------+-------+-------++-------
  Melee: Rapier            |    79 |     7 ||    86
         Short sword       |    10 |       ||    10
    Use: Potion            |     2 |     1 ||     3
 Armour: Leather armour    |    50 |    12 ||    62
         Robe              |     4 |       ||     4
  Dodge: Dodged            |    65 |     3 ||    68

Table legend: (Time is in decaauts)
 A = Elapsed time spent in this place.
 B = Non-inter-level travel time spent in this place.
 C = Inter-level travel time spent in this place.
 D = Time resting spent in this place.
 E = Time spent auto-exploring this place.
 F = Levels seen in this place.
 G = Mean time per level.
                   A        B        C        D        E       F      G
               +--------+--------+--------+--------+--------+-----+--------+
         Total |   1680 |   1607 |     73 |      0 |   1255 |   3 |  560.0 |
       Dungeon |   1680 |   1607 |     73 |      0 |   1255 |   3 |  560.0 |
               +--------+--------+--------+--------+--------+-----+--------+

Top non-repeatable levels by time:
     D:1: 830 daAuts
     D:2: 664 daAuts
     D:3: 185 daAuts
